 Dungeon Sprint DCSS version 0.31-a0-832-g3a2c1c66ba (webtiles) character file.

Game seed: 11346765048826352735

8694 Conn the Arsonist (level 11, -6/67 HPs)
             Began as an Octopode Fire Elementalist on Sept 24, 2023.
             Was the Champion of Sif Muna.
             Killed from afar by a nagaraja (34 damage)
             ... with a poison arrow
             ... in the Dungeon (Sprint VII: "The Pits") on Sept 25, 2023.
             The game lasted 00:14:23 (2320 turns).

Conn the Arsonist (Octopode Fire Elementalist)      Turns: 2320, Time: 00:14:24

Health: -6/67      AC:  4    Str: 11    XL:     11   Next: 34%
Magic:  11/27      EV: 15    Int: 21    God:    Sif Muna [******]
Gold:   0          SH:  0    Dex: 13    Spells: 5/35 levels left

rFire   . . .        l - +1 quarterstaff (protect)
rCold   . . .        (shield currently unavailable)
rNeg    . . .        (helmet restricted)
rPois   .            (no amulet)
rElec   .            m - +3 ring of protection
rCorr   .            n - +3 ring of strength
SInv    .            (no ring)
Will    .....        (no ring)
Stlth   ++++         (no ring)
HPRegen 0.31/turn    (no ring)
MPRegen 0.20/turn    (no ring)
                     (no ring)

%: no teleportation
@: lethally poisoned (-6 -> -22)
A: almost no armour, amphibious, 8 rings, camouflage 1, gelatinous body 1,
(nimble swimmer 1), tentacles
a: Renounce Religion, Channel Magic, Forget Spell, Divine Exegesis


You were in the Dungeon.
You worshipped Sif Muna.
Sif Muna was exalted by your worship.
You visited 1 branch

Inventory:

Hand Weapons
 g - a +2 dagger
 l - a +1 quarterstaff of protection (weapon)
Missiles
 d - 3 throwing nets
Jewellery
 m - a +3 ring of protection (left tentacle)
 n - a +3 ring of strength (right tentacle)
Scrolls
 i - 2 scrolls of vulnerability
 j - 5 scrolls of amnesia
Potions
 a - 5 potions of magic
 b - 6 potions of curing
 c - 6 potions of heal wounds
 e - 3 potions of berserk rage
 h - 2 potions of invisibility
 o - 4 potions of might
 q - a potion of haste


   Skills:
 + Level 3.0 Fighting
 + Level 3.9 Short Blades
 + Level 2.0 Staves
 + Level 5.9 Dodging
 - Level 7.0 Stealth
 - Level 12.9 Spellcasting
 * Level 11.2 Conjurations
 - Level 3.5 Hexes
 - Level 4.0 Transmutations
 + Level 13.3 Fire Magic
 * Level 7.2 Air Magic
 - Level 3.0 Poison Magic
 * Level 11.6 Invocations


You had 5 spell levels left.
You knew the following spells:

 Your Spells              Type           Power      Damage    Failure   Level
a - Foxfire               Conj/Fire      100%       2x1d9     1%          1
b - Scorch                Fire           100%       2d9       1%          2
c - Inner Flame           Hex/Fire       49%        N/A       1%          3
d - Flame Wave            Conj/Fire      60%        2d14      1%          4
e - Mephitic Cloud        Conj/Pois/Air  43%        N/A       1%          3
f - Irradiate             Conj/Tmut      22%        3d19      6%          5
g - Swiftness             Air            44%        N/A       1%          3
h - Airstrike             Air            22%        2d(4-20)  2%          4
i - Iskenderun's Battles  Conj           57%        2d11      1%          5

Your spell library contained the following spells:

 Spells                   Type           Power      Damage    Failure   Level
 Shock                    Conj/Air       100%       1d9       1%          1
 Sting                    Tmut/Pois      100%       1d8       1%          1
 Cigotuvi's Dreadful Rot  Necr/Pois/Air  54%        N/A       1%          2
 Static Discharge         Conj/Air       100%       2-7/arc   1%          2
 Volatile Blastmotes      Fire/Tloc      82%        2d16      1%          3
 Fulminant Prism          Conj/Hex       22%        3d12      2%          4
 Sigil of Binding         Hex            28%        N/A       3%          3
 Brom's Barrelling Bould  Conj/Erth      37%        2d6       4%          4
 Cause Fear               Hex            14%        N/A       11%         4
 Olgreb's Toxic Radiance  Pois           26%        N/A       14%         4
 Yara's Violent Unravell  Hex/Tmut       14%        3d7       28%         5
 Alistair's Intoxication  Tmut/Pois      18%        N/A       32%         5
 Bombard                  Conj/Erth      18%        9d4       58%         6
 Spellforged Servitor     Conj/Summ      18%        N/A       99%         7


Dungeon Overview and Level Annotations

Branches:
Dungeon (1/1)

Altars:
Ashenzari
Cheibriados
Dithmenos
Elyvilon
Fedhas
Gozag
Hepliaklqana
Kikubaaqudgha
Makhleb
Nemelex Xobeh
Okawaru
Qazlal
Ru
Sif Muna
Trog
Uskayaw
Vehumet
Wu Jian
Xom
Yredelemnul
Zin
The Shining One
Jiyva
Lugonu


Innate Abilities, Weirdness & Mutations

You cannot wear most types of armour.
You are amphibious.
You can wear up to eight rings at the same time.
Your skin changes colour to match your surroundings (Stealth+).
Your rubbery body absorbs attacks. (AC +1, EV +1)
((You are camouflaged when in or above water. (Stealth+)))
You have tentacles for arms and can constrict up to eight enemies at once.


Message History

Casting: Inner Flame (safe; 1% risk of failure)
Confirm with . or Enter, or press ? or * to list all spells.
Aiming: Inner Flame (safe; 1% risk of failure)
Press: ? - help, Dir - move target, f - nagaraja
Aim: a nagaraja, wielding a +0 halberd and wearing a +0 robe (ally target, chance to affect: 9%)
The nagaraja resists with almost no effort.
Your battlesphere fires!
The barrage of energy hits the nagaraja but does no damage.
The nagaraja gestures wildly while chanting.
The nagaraja seems to speed up.
Unknown command.
Casting: Inner Flame (safe; 1% risk of failure)
Confirm with . or Enter, or press ? or * to list all spells.
Aiming: Inner Flame (safe; 1% risk of failure)
Press: ? - help, Dir - move target, f/p - nagaraja
Aim: a nagaraja, wielding a +0 halberd and wearing a +0 robe (fast, ally target, chance to affect: 9%)
The nagaraja resists with almost no effort.
The nagaraja casts a spell at you. The poison arrow hits you!!
You are poisoned.
Your battlesphere fires!
The barrage of energy hits the nagaraja.
The nagaraja is lightly wounded.
The nagaraja spits poison at you. The splash of poison hits you!
You are lethally poisoned!
Unknown command.
Unknown command.
Unknown command.
Unknown command.
You feel better. The nagaraja casts a spell at you.
The poison arrow hits your battlesphere.
Your battlesphere partially resists.
Unknown command.
The nagaraja points at you and mumbles some strange words.
The poison arrow hits you!!
You are poisoned.
Ouch! That really hurt!
You die...

###'##................#
))'.##......#..#......#
###.##................+
))..)'................+
'#####).....#..#......#
[#..##................#
.#))#####'#####''######
##).##.......##''### #######
.#))##.....).##.@..##..'...##.
.#[[##.......##*..##...#..##ยง.
##'###...<...##[.##...##..#.g
....##.......##.N#)..##...'.
....##.......##..B..##....###
######.......##.##..#.....v.##
.#..#############...'B..9...9.
.#)########### #....#9...###
.#)#....#..[[##..#..##..##


You could see a nagaraja (fast, ally target), a giant cockroach and a friendly
battlesphere.

Vanquished Creatures
  A merfolk avatar (D)
  Erica (D)
  Harold (D)
  2 sea snakes (D)
  A phantasmal warrior (D)
  2 cyclopes (D)
  A smoke demon (D)
  A gargoyle (D)
  A cane toad (D)
  An efreet (D)
  A guardian mummy (D)
  A troll (D)
  Prince Ribbit (D)
  3 blink frogs (D)
  A flying skull (D)
  2 spriggans (D)
  A basilisk (D)
  5 yaks (D)
  3 vampire mosquitoes (D)
  A water moccasin (D)
  A black bear (D)
  2 ogres (D)
  A centaur (D)
  A scorpion (D)
  2 gnoll boudas (D)
  A mummy (D)
  An adder (D)
  5 gnolls (D)
  A worm (D)
  3 bats (D)
  A bat skeleton (D)
  A bat zombie (D)
  A giant cockroach (D)
  2 frilled lizards (D)
  A kobold (D)
  A quokka zombie (D)
56 creatures vanquished.

Vanquished Creatures (others)
  130 foxfires (D)
130 creatures vanquished.

Grand Total: 186 creatures vanquished

Notes
Turn   | Place    | Note
-------+----------+-------------------------------------------
     0 | D        | Conn the Octopode Fire Elementalist began the quest for the
                  | Orb.
     0 | D        | Reached XP level 1. HP: 11/11 MP: 3/3
    16 | D        | Reached skill level 4 in Fire Magic
    16 | D        | Reached XP level 2. HP: 17/17 MP: 0/5
    19 | D        | Learned a level 2 spell: Scorch
    52 | D        | Found a glowing golden altar of the Shining One.
    52 | D        | Found a glowing silver altar of Zin.
    52 | D        | Found a basalt altar of Yredelemnul.
    52 | D        | Found a shimmering altar of Xom.
    52 | D        | Found an ornate altar of the Wu Jian Council.
    52 | D        | Found a bloodstained altar of Trog.
    52 | D        | Found a shimmering blue altar of Sif Muna.
    52 | D        | Found a sacrificial altar of Ru.
    52 | D        | Found a stormy altar of Qazlal.
    52 | D        | Found an iron altar of Okawaru.
    52 | D        | Found a sparkling altar of Nemelex Xobeh.
    52 | D        | Found a burning altar of Makhleb.
    52 | D        | Found a viscous altar of Jiyva.
    52 | D        | Found a hazy altar of Hepliaklqana.
    52 | D        | Found an opulent altar of Gozag.
    52 | D        | Found a blossoming altar of Fedhas.
    52 | D        | Found a white marble altar of Elyvilon.
    52 | D        | Found a shadowy altar of Dithmenos.
    52 | D        | Found a snail-covered altar of Cheibriados.
    53 | D        | Found a radiant altar of Vehumet.
    53 | D        | Found a corrupted altar of Lugonu.
    54 | D        | Found an ancient bone altar of Kikubaaqudgha.
    54 | D        | Found a hide-covered altar of Uskayaw.
    54 | D        | Found a broken altar of Ashenzari.
    55 | D        | Became a worshipper of Sif Muna the Loreminder
   230 | D        | Noticed a scorpion
   231 | D        | Reached * piety under Sif Muna
   234 | D        | Killed a scorpion
   235 | D        | Reached skill level 5 in Fire Magic
   235 | D        | Reached XP level 3. HP: 19/21 MP: 4/8
   235 | D        | Reached XP level 4. HP: 24/27 MP: 4/9
   284 | D        | Learned a level 3 spell: Inner Flame
   289 | D        | Learned a level 4 spell: Flame Wave
   296 | D        | Reached skill level 1 in Short Blades
   307 | D        | Reached ** piety under Sif Muna
   449 | D        | Noticed Prince Ribbit
   452 | D        | Noticed an ogre
   453 | D        | Noticed a black bear
   453 | D        | Noticed a centaur
   454 | D        | Killed Prince Ribbit
   455 | D        | Reached skill level 7 in Fire Magic
   455 | D        | Reached XP level 5. HP: 32/32 MP: 2/13
   455 | D        | Reached XP level 6. HP: 37/37 MP: 2/15
   455 | D        | Reached *** piety under Sif Muna
   474 | D        | Reached skill level 1 in Fighting
   474 | D        | Reached skill level 5 in Conjurations
   474 | D        | Reached skill level 5 in Invocations
   474 | D        | Reached XP level 7. HP: 33/43 MP: 11/17
   480 | D        | Reached skill level 1 in Hexes
   480 | D        | Reached skill level 8 in Fire Magic
   610 | D        | Reached **** piety under Sif Muna
   633 | D        | Noticed a sea snake
   679 | D        | Killed a sea snake
   680 | D        | Reached skill level 9 in Fire Magic
   680 | D        | Reached XP level 8. HP: 8/48 MP: 2/21
   802 | D        | Reached ***** piety under Sif Muna
   857 | D        | Noticed Harold
   857 | D        | Noticed a blink frog
   858 | D        | Noticed a blink frog
   859 | D        | Noticed a blink frog
   863 | D        | Killed a blink frog
   864 | D        | Reached skill level 10 in Spellcasting
   864 | D        | Killed a blink frog
   867 | D        | Killed Harold
   868 | D        | Reached skill level 5 in Dodging
   868 | D        | Reached skill level 10 in Fire Magic
   868 | D        | Reached XP level 9. HP: 29/54 MP: 4/24
   868 | D        | Identified Sif Muna's Atlas of Envenoming and Forms (Sif
                  | Muna gifted it to you in the Dungeon)
   868 | D        | Received a gift from Sif Muna
  1057 | D        | Learned a level 3 spell: Mephitic Cloud
  1065 | D        | Learned a level 5 spell: Irradiate
  1090 | D        | Noticed a cane toad
  1096 | D        | Killed a cane toad
  1097 | D        | Reached skill level 1 in Transmutations
  1097 | D        | Reached skill level 1 in Air Magic
  1097 | D        | Reached skill level 1 in Poison Magic
  1159 | D        | Noticed Erica
  1165 | D        | Killed Erica
  1166 | D        | Reached skill level 1 in Staves
  1169 | D        | Noticed a merfolk avatar
  1170 | D        | Noticed a phantasmal warrior
  1181 | D        | Killed a phantasmal warrior
  1182 | D        | Reached XP level 10. HP: 52/60 MP: 5/26
  1311 | D        | Noticed a cyclops
  1319 | D        | Killed a cyclops
  1320 | D        | Reached skill level 11 in Fire Magic
  1331 | D        | Noticed a deep elf pyromancer
  1528 | D        | Reached ****** piety under Sif Muna
  1529 | D        | Reached skill level 10 in Invocations
  1638 | D        | Received a gift from Sif Muna
  1644 | D        | Learned a level 3 spell: Swiftness
  1649 | D        | Learned a level 4 spell: Airstrike
  1663 | D        | Noticed a cyclops
  1675 | D        | Killed a cyclops
  1676 | D        | Reached skill level 12 in Fire Magic
  1676 | D        | Reached skill level 5 in Air Magic
  1682 | D        | Noticed a smoke demon
  1808 | D        | Received a gift from Sif Muna
  1818 | D        | Learned a level 5 spell: Iskenderun's Battlesphere
  1853 | D        | Killed a smoke demon
  1870 | D        | Reached skill level 10 in Conjurations
  1870 | D        | Reached XP level 11. HP: 55/66 MP: 2/27
  2121 | D        | Noticed a sea snake
  2121 | D        | Killed a merfolk avatar
  2121 | D        | Identified Sif Muna's Papyrus of Maledictive Destruction
                  | (Sif Muna gifted it to you in the Dungeon)
  2121 | D        | Received a gift from Sif Muna
  2122 | D        | Reached skill level 13 in Fire Magic
  2124 | D        | Killed a sea snake
  2315 | D        | Noticed a nagaraja
  2320 | D        | Killed from afar by a nagaraja

Illustrated notes

Levels and vault maps discovered:
D:        pitsprint [storerooms_1, entrance_room_1, metal_vault_7, armoury_2,
          mini_pit_1, grid_room_1, main_hall_1, silver_pit, the_coven_2,
          the_vestibule_1, steel_vault_4, golden_pit, hallway_of_sentries,
          crystal_vault_4, iron_vault_2, final_vault]

Skill      XL: |  1  2  3  4  5  6  7  8  9 10 11 |
---------------+----------------------------------+-----
Stealth        | 3 4 6 7 |  7.0
Fire Magic     | 4 5 7 9 10 12 13 | 13.3
Dodging        | 3 4 5 |  5.9
Spellcasting   | 3 6 7 9 11 12 | 12.9
Conjurations   | 2 4 5 6 7 8 10 11 | 11.2
Invocations    | 2 4 5 7 8 9 10 11 | 11.6
Short Blades   | 2 3 |  3.9
Fighting       | 1 2 3 |  3.0
Hexes          | 1 2 3 |  3.5
Transmutations | 2 4 |  4.0
Air Magic      | 2 5 7 |  7.2
Poison Magic   | 3 |  3.0
Staves         | 1 2 |  2.0

Action                     |  1- 3 |  4- 6 |  7- 9 | 10-12 || total
---------------------------+-------+-------+-------+-------++-------
  Melee: Dagger            |     2 |     7 |       |       ||     9
         Tentacles         |     1 |     1 |       |     3 ||     5
         Constrict         |       |     2 |       |     2 ||     4
         Quarterstaff      |       |       |     1 |     7 ||     8
   Cast: Foxfire           |     7 |    11 |    18 |    43 ||    79
         Scorch            |     1 |     2 |    16 |    18 ||    37
         Flame Wave        |       |     1 |     8 |     5 ||    14
         Inner Flame       |       |     2 |     1 |     7 ||    10
         Airstrike         |       |       |       |     5 ||     5
         Iskenderun's Batt |       |       |       |     5 ||     5
         Mephitic Cloud    |       |       |       |     2 ||     2
         Irradiate         |       |       |       |     2 ||     2
 Invoke: Channel Magic     |       |     1 |       |     1 ||     2
    Use: Potion            |       |     1 |     1 |     4 ||     6
         Scroll            |       |       |       |     2 ||     2
   Stab: Sleeping          |     2 |       |       |       ||     2
 Armour: Skin              |     2 |     7 |     4 |    27 ||    40
  Dodge: Dodged            |       |    13 |     6 |    23 ||    42

Table legend: (Time is in decaauts)
 A = Elapsed time spent in this place.
 B = Non-inter-level travel time spent in this place.
 C = Inter-level travel time spent in this place.
 D = Time resting spent in this place.
 E = Time spent auto-exploring this place.
 F = Levels seen in this place.
 G = Mean time per level.
                   A        B        C        D        E       F      G
               +--------+--------+--------+--------+--------+-----+--------+
         Total |   2305 |   2264 |     41 |   1336 |      0 |   1 | 2305.0 |
       Dungeon |   2305 |   2264 |     41 |   1336 |      0 |   1 | 2305.0 |
               +--------+--------+--------+--------+--------+-----+--------+

Top non-repeatable levels by time:
       D: 2305 daAuts
